 Dungeon Crawl Stone Soup version 0.30.0-15-g856e2d3f33 (webtiles) character file.

Game seed: 7643732797594602310

1906 browni3141 the Caller (level 8, -1/56 HPs)
             Began as a Mummy Summoner on May 19, 2023.
             Slain by a steam dragon (2 damage)
             ... on level 8 of the Dungeon.
             The game lasted 00:29:20 (3047 turns).

browni3141 the Caller (Mummy Summoner)              Turns: 3047, Time: 00:29:20

Health: -1/56      AC:  5    Str: 18    XL:     8   Next: 94%
Magic:  13/15      EV: 12    Int: 22    God:
Gold:   319        SH:  5    Dex: 17    Spells: 4/17 levels left

rFire   x . .        r - +3 dagger of Asaiduen {drain, Will++ Dex+5}
rCold   + . .        s - +0 buckler
rNeg    + + +        d - +0 robe
rPois   ∞            (no helmet)
rElec   .            t - +0 cloak {Stlth+}
rCorr   .            D - +0 pair of gloves {hurl}
SInv    .            m - +0 pair of boots
Will    +++..        p - amulet of magic regeneration
Stlth   +++          e - +6 ring of strength
HPRegen 0.29/turn    g - +6 ring of intelligence
MPRegen 0.54/turn

%: faith
@: no status effects
A: cold resistance 1, negative energy resistance 3, torment resistance 2, heat
vulnerability 1, in touch with death 1, no potions, faith
a: no special abilities


You were on level 8 of the Dungeon.
You visited 2 branches of the dungeon, and saw 9 of its levels.

You collected 319 gold pieces.

Inventory:

Hand Weapons
 a - the +7 staff of the Meek {protect, meekguard}
   (You found it on level 4 of the Dungeon)
 b - a +0 sling
 f - a +0 mace
 i - a +0 dagger
 k - a +0 spear
 o - a +0 heavy sling
 r - the +3 dagger of Asaiduen (weapon) {drain, Will++ Dex+5}
   (You found it on level 3 of the Dungeon)

   Dex:       It affects your dexterity (+5).
   Will:      It greatly increases your willpower.
Armour
 d - a +0 robe (worn)
 m - a +0 pair of boots (worn)
 s - a +0 buckler (worn)
 t - a +0 cloak of stealth (worn)
 z - an orb of mayhem
 C - a +0 tower shield
 D - a +0 pair of gloves of hurling (worn)
Magical Staves
 B - a staff of earth
Jewellery
 e - a +6 ring of strength (left hand)
 g - a +6 ring of intelligence (right hand)
 p - an amulet of magic regeneration (around neck)
Wands
 v - a wand of roots (9)
Scrolls
 c - a scroll of fog {unknown}
 h - 11 scrolls of identify {unknown}
 j - 2 scrolls of amnesia {unknown}
 l - a scroll of silence {unknown}
 n - 3 scrolls of fear {unknown}
 q - 4 scrolls of vulnerability {unknown}
 u - a scroll of summoning {unknown}
 w - a scroll of magic mapping {unknown}
 x - 3 scrolls of teleportation {unknown}
 y - a scroll of immolation {unknown}
 A - a scroll of acquirement {unknown}


   Skills:
 - Level 2.0 Fighting
 - Level 2.0 Dodging
 - Level 2.0 Stealth
 - Level 3.0 Shields
 - Level 5.0 Spellcasting
 - Level 4.0 Hexes
 * Level 7.4 Summonings
 - Level 3.0 Air Magic


You had 4 spell levels left.
You knew the following spells:

 Your Spells              Type           Power      Damage    Failure   Level
a - Call Canine Familiar  Summ           38%        N/A       1%          3
g - Summon Guardian Gole  Hex/Summ       30%        N/A       3%          3
l - Summon Lightning Spi  Summ/Air       28%        N/A       16%         4
x - Call Imp              Summ           76%        N/A       1%          2
z - Summon Small Mammal   Summ           100%       N/A       1%          1

Your spell library contained the following spells:

 Spells                   Type           Power      Damage    Failure   Level
 Slow                     Hex            92%        N/A       2%          1
 Confusing Touch          Hex            23%        N/A       8%          3
 Hailstorm                Conj/Ice       5%         3d4       36%         3
 Vampiric Draining        Necr           8%         2d6       36%         3
 Simulacrum               Ice/Necr       4%         N/A       100%        6
 Ice Form                 Ice/Tmut       Unusable   N/A       N/A         4

Dungeon Overview and Level Annotations

Branches:
Dungeon (8/15)             Temple (1/1) D:7
   Lair: D:8-11

Altars:
Ashenzari
Cheibriados
Dithmenos
Fedhas
Gozag
Hepliaklqana
Makhleb
Nemelex Xobeh
Okawaru
Qazlal
Ru
Sif Muna
Trog
Uskayaw
Vehumet
Wu Jian
Xom
Yredelemnul


Innate Abilities, Weirdness & Mutations

You are immune to poison.
Your flesh is cold resistant. (rC+)
You are immune to negative energy. (rN+++)
You are immune to unholy pain and torment.
You are vulnerable to heat. (rF-)
You are in touch with the powers of death.
You do not drink.
You have a special connection with the divine. (Faith)


Message History

Your hound misses something. You barely miss something.
Something hits you but does no damage.
Your hound misses something. You closely miss something.
Your hound bites something.
A sky beast appears from thin air!
Reactivating autopickup.
The sky beast closely misses you.
You hit the sky beast. You drain the sky beast.
The sky beast is severely wounded.
Your hound barely misses the sky beast.
Your cerulean imp hits the sky beast with a -1 spear.
The sky beast barely misses you.
Your hound bites the sky beast but does no damage.
You hit the sky beast.
The sky beast is almost dead.
Your cerulean imp misses the sky beast.
Your hound bites the sky beast.
The sky beast dies!
Your lightning spire disappears in a puff of smoke!
You now have 319 gold pieces (gained 18).
Your hound disappears in a puff of smoke!
D - a +0 pair of gloves of hurling You start putting on your armour.
You continue putting on your +0 pair of gloves of hurling. x4
You finish putting on your +0 pair of gloves of hurling.
You feel that your aim is more steady.
h - 11 scrolls labelled IMOKKYODAI (gained 1) HP restored.
There is a stone staircase leading up here.
You climb upwards.
Your summoned ally is left behind.
There is a stone staircase leading down here.
You see here a +0 trident.
There is a stone staircase leading up here.
You climb upwards.
There is a stone staircase leading down here.
Unknown command.
You climb downwards.
There is a stone staircase leading up here.
There is a stone staircase leading down here.
You climb downwards.
There is a stone staircase leading up here.
There is a stone staircase leading down here.
You climb downwards.
Found a stone staircase leading up.
There is a stone staircase leading up here.
You are a level 8 Mummy Summoner.
You are 94% of the way to level 9.
Play time: 00:29:00 (2997 turns).
Zot will find you in 26999 turns if you stay in this branch and explore no new floors.
Unknown command.
You open the door.
Found an escape hatch in the floor.
There is an open door here.
Found a stone staircase leading down.
As you open the door, it creaks loudly!
There is an open door here.
You open the door.
There is an open door here.
A bullfrog comes into view.
A steam dragon comes into view.
A tiny devil pulls itself out of the air.
The bullfrog gives a loud, deep croak!
The steam dragon hisses angrily.
You hit the bullfrog. You drain the bullfrog.
The bullfrog is heavily wounded.
The bullfrog hits you but does no damage.
The bullfrog barely misses you.
Your cerulean imp closely misses the bullfrog.
You closely miss the bullfrog.
The bullfrog is heavily wounded.
You block the bullfrog's attack.
Your cerulean imp misses the bullfrog.
You closely miss the bullfrog.
The bullfrog is heavily wounded.
The bullfrog hits you. The bullfrog barely misses you.
The steam dragon barely misses you. You block the steam dragon's attack.
Your cerulean imp barely misses the bullfrog.
You hit the bullfrog.
The bullfrog is severely wounded.
The bullfrog hits you. The steam dragon breathes steam at you.
The ball of steam hits you!! The steam scalds you terribly!
Ouch! That really hurt!
* * * LOW HITPOINT WARNING * * *
Your cerulean imp closely misses the bullfrog.
The bullfrog hits you.
* * * LOW HITPOINT WARNING * * *
The bullfrog hits you but does no damage.
Your cerulean imp completely misses the bullfrog.
Casting: Call Imp (safe; 1% risk of failure)
Confirm with . or Enter, or press ? or * to list all spells.
The bullfrog barely misses you. The steam dragon breathes steam at you.
The ball of steam hits you. The steam scalds you terribly!
* * * LOW HITPOINT WARNING * * *
Your cerulean imp hits the bullfrog from afar with a -1 spear.
You are engulfed in a cloud of scalding steam.
* * * LOW HITPOINT WARNING * * *
The bullfrog hits you.
* * * LOW HITPOINT WARNING * * *
The bullfrog hits you.
* * * LOW HITPOINT WARNING * * *
The steam dragon bites you.
You die...

...#####..##.## #.#####
#....##..## ........
#....#....+ .......
#....#....# ......
+..>.'....# #...#
#....###.##
##...#####....#.# #.....#
#....+.. #...F@# #....#...
#...D§# #....# ..+
#.##5###+#....# ##
.###.##h##....####
.........#....#
.........#....#
########'#....######
############..#...........
#.............##'##..>....


You could see a steam dragon (catching breath), a bullfrog (drained, ally
target) and a friendly cerulean imp (summoned).

Vanquished Creatures
  A water moccasin (D:4)
  2 black bears (D:6)
  A bullfrog (D:7)
  A howler monkey (D:7)
  A hound (D:4)
  An orc priest (D:4)
  A sleepcap (D:5)
  2 adders
  A gnoll (D:1)
  An ufetubus (D:5)
  2 dart slugs
  6 orcs
  2 ball pythons
  2 endoplasms (D:3)
  A goblin (D:2)
  2 hobgoblins
  2 jackals (D:4)
  3 kobolds
  2 bats
  2 rats
36 creatures vanquished.

Vanquished Creatures (collateral kills)
  A sky beast (D:7)
  An ogre (D:5)
  A centaur (D:7)
  2 wights (D:5)
  3 scorpions
  A nameless horror (D:4)
  An orc priest (D:7)
  2 hounds (D:5)
  4 jellies
  Jessica (D:2)
  An orc wizard (D:4)
  An adder (D:2)
  3 gnolls (D:5)
  A worm (D:3)
  12 orcs
  A bat (D:3)
  An endoplasm (D:1)
  A giant cockroach (D:3)
  A goblin (D:1)
  4 hobgoblins
  2 jackals (D:4)
  5 kobolds
  A quokka (D:2)
  3 ball pythons
  3 frilled lizards
  A rat (D:1)
58 creatures vanquished.

Vanquished Creatures (others)
  Menkaure (D:7)
  2 ogres
  A centaur (D:4)
  A kobold brigand (D:7)
  A wight (D:5)
  A sleepcap (D:5)
7 creatures vanquished.

Grand Total: 101 creatures vanquished

Notes
Turn   | Place    | Note
-------+----------+-------------------------------------------
     0 | D:1      | browni3141 the Mummy Summoner began the quest for the Orb.
     0 | D:1      | Reached XP level 1. HP: 13/13 MP: 4/4
   134 | D:1      | Reached XP level 2. HP: 15/19 MP: 2/5
   137 | D:1      | Learned a level 2 spell: Call Imp
   195 | D:2      | Reached skill level 4 in Summonings
   282 | D:2      | Noticed Jessica
   299 | D:2      | Killed Jessica
   300 | D:2      | Gained mutation: You are in touch with the powers of death.
                  | [Mummy growth]
   300 | D:2      | Reached XP level 3. HP: 20/24 MP: 2/7
   304 | D:2      | Learned a level 3 spell: Call Canine Familiar
   464 | D:4      | Noticed a water moccasin
   594 | D:4      | Noticed an ogre
   611 | D:3      | Identified the +3 dagger of Asaiduen {drain, Will++ Dex+5}
   777 | D:1      | Reached XP level 4. HP: 30/30 MP: 0/8
   925 | D:4      | Killed a water moccasin
   926 | D:4      | Reached skill level 3 in Spellcasting
   926 | D:4      | Reached skill level 5 in Summonings
   926 | D:4      | Reached XP level 5. HP: 26/35 MP: 2/11
   930 | D:4      | Learned a level 3 spell: Summon Guardian Golem
   935 | D:4      | Learned a level 4 spell: Summon Lightning Spire
  1048 | D:4      | Noticed a nameless horror
  1110 | D:4      | Killed an ogre
  1111 | D:4      | Reached XP level 6. HP: 41/41 MP: 13/13
  1192 | D:4      | Found the +7 staff of the Meek {protect, meekguard}
  1526 | D:5      | Entered Level 5 of the Dungeon
  1583 | D:5      | Reached skill level 3 in Hexes
  1726 | D:5      | Reached XP level 7. HP: 45/46 MP: 11/14
  2031 | D:5      | Found a basalt altar of Yredelemnul.
  2133 | D:5      | Reached skill level 3 in Shields
  2133 | D:5      | Reached skill level 6 in Summonings
  2133 | D:5      | Reached XP level 8. HP: 54/54 MP: 15/15
  2557 | D:7      | Noticed Menkaure
  2569 | D:7      | Killed Menkaure
  2570 | D:7      | Reached skill level 3 in Air Magic
  2700 | D:7      | Found a staircase to the Ecumenical Temple.
  2709 | Temple   | Entered the Ecumenical Temple
  2856 | D:7      | Reached skill level 7 in Summonings
  3047 | D:8      | HP: 2/56 [bullfrog (4)]
  3047 | D:8      | Slain by a steam dragon

Illustrated notes

Levels and vault maps discovered:
D:1:      matt_arrival_diagonals, layout_basic, grunt_decor_one_mirror
D:2:      layout_loops_ring, minmay_pentomino_r4, uniq_jessica
D:3:      layout_loops_cross, minmay_misc_feat_plants
D:4:      layout_rooms, pf_guarded_unrand_meek
D:5:      layout_basic, yredelemnul_altar_generic, corexii_leaking_fountain
D:6:      nicolae_cairo_tiling, layout_rooms
D:7:      lemuel_ice_spiral_2, layout_rooms, minmay_temple_entry_ruins,
          grunt_decor_mini_mirrors, dk_vineyard_2, uniq_menkaure
D:8:      layout_gridville, david_lair_generic
Temple:   nicolae_temple_bog_church

Skill      XL: |  1  2  3  4  5  6  7  8 |
---------------+-------------------------+-----
Summonings     | 4 5 6 7 |  7.4
Spellcasting   | 4 5 |  5.0
Hexes          | 1 3 4 |  4.0
Air Magic      | 1 2 3 |  3.0
Shields        | 3 |  3.0
Fighting       | 1 2 |  2.0
Stealth        | 2 |  2.0
Dodging        | 2 |  2.0

Action                     |  1- 3 |  4- 6 |  7- 9 || total
---------------------------+-------+-------+-------++-------
  Melee: Dagger            |    32 |    24 |    33 ||    89
         Mace              |     6 |       |       ||     6
         Spear             |     4 |       |       ||     4
         Quarterstaff      |       |    10 |       ||    10
   Fire: Sling             |    15 |    12 |    34 ||    61
   Cast: Summon Small Mamm |    17 |     4 |     1 ||    22
         Call Imp          |     8 |     5 |    12 ||    25
         Call Canine Famil |     1 |     4 |    10 ||    15
         Summon Guardian G |       |     4 |     6 ||    10
         Summon Lightning  |       |     1 |     2 ||     3
   Stab: Sleeping          |     1 |     1 |     1 ||     3
 Armour: Robe              |    17 |    22 |    14 ||    53
  Dodge: Dodged            |    50 |    51 |    36 ||   137
  Block: Buckler           |       |     1 |     9 ||    10
